 Dungeon Crawl Stone Soup version 0.23.2-33-g5129a83184 (webtiles) character file.

Game seed: 17480832554532543659

49 Atelerd the Magician (level 3, -3/23 HPs)
             Began as an Octopode Wizard on July 16, 2019.
             Killed from afar by a dart slug (7 damage)
             ... with a slug dart
             ... on level 2 of the Dungeon.
             The game lasted 00:01:08 (1526 turns).

Atelerd the Magician (Octopode Wizard)              Turns: 1526, Time: 00:01:09

Health: -3/23      AC:  1    Str:  6    XL:     3   Next: 77%
Magic:  0/7        EV: 13    Int: 21    God:
Gold:   16         SH:  0    Dex: 10    Spells: 2/8 levels left

rFire    . . .     SeeInvis .   (no weapon)
rCold    . . .     Gourm    .   (no shield)
rNeg     . . .     Faith    .   a - +0 hat
rPois    .         Spirit   .   (no amulet)
rElec    .         Reflect  .   (no ring)
rCorr    .         Harm     .   (no ring)
MR       .....                  (no ring)
Stlth    +++.......             (no ring)
HPRegen  0.07/turn              (no ring)
MPRegen  0.10/turn              (no ring)
                                (no ring)
                                (no ring)

@: no status effects
A: almost no armour, stealthy swim, amphibious, 8 rings, constrict 8, camouflage
1, gelatinous body 1
a: no special abilities


You were on level 2 of the Dungeon.
You were near starving.

You visited 1 branch of the dungeon, and saw 2 of its levels.

You collected 16 gold pieces.

Inventory:

Armour
 a - a +0 hat (worn)
Scrolls
 b - 2 scrolls of remove curse {unknown}
Potions
 d - a potion of agility {unknown}
 e - a potion of degeneration {unknown}
Comestibles
 c - 2 rations


   Skills:
 + Level 1.3 Fighting
 + Level 2.6 Dodging
 - Level 2.6 Stealth
 + Level 3.3 Spellcasting
 + Level 1.9 Conjurations
   Level 1.0 Summonings
 - Level 1.0 Translocations


You had 2 spell levels left.
You knew the following spells:

 Your Spells              Type           Power        Failure   Level  Hunger
a - Magic Dart            Conj           ##..         6%          1    None
b - Mephitic Cloud        Conj/Pois/Air  #.......     30%         3    ###....
c - Blink                 Tloc           N/A          13%         2    ##.....

Your spell library contained the following spells:

 Spells                   Type           Power        Failure   Level  Hunger
 Call Imp                 Summ           #.......     13%         2    ##.....
 Slow                     Hex            #.......     19%         2    ##.....
 Conjure Flame            Conj/Fire      #.......     26%         3    ###....


Dungeon Overview and Level Annotations

Branches:
Dungeon (2/15)

Altars:


Innate Abilities, Weirdness & Mutations

You cannot wear most types of armour.
You are very stealthy in the water. (Stealth+)
You are amphibious.
You can wear up to eight rings at the same time.
You can use your tentacles to constrict eight enemies at once.
Your skin changes colour to match your surroundings (Stealth+).
Your rubbery body absorbs attacks. (AC +1, EV +1)


Message History

Aiming: Magic Dart (safe; 6% risk of failure)
Press: ? - help, Shift-Dir - straight line, f/p - dart slug
Aim: a dart slug (moderately wounded, clinging)
The magic dart hits the dart slug but does no damage.
The dart slug is moderately wounded.
Casting: Magic Dart (safe; 6% risk of failure)
Confirm with . or Enter, or press ? or * to list all spells.
You don't have enough magic to cast that spell.
Unknown command.
Casting: Magic Dart (safe; 6% risk of failure)
Confirm with . or Enter, or press ? or * to list all spells.
You don't have enough magic to cast that spell.
Unknown command.
The dart slug bites you.
* * * LOW HITPOINT WARNING * * *
You tentacle-slap the dart slug. Your grab misses the dart slug.
The dart slug is heavily wounded.
The dart slug launches a dart at you. The slug dart hits you!
You die...

#......
#<.... .
#....# ..###
#....#
....##....#
# #.......##
###.#
#......# ...
##.#.#)##.#
##@.......#
####
#.w#.#...##
...
#......#..##
#
#.###......#
#### #.
##.###.#
#... #. #.#
#.## #.## #.
..#
#..####.# #.
#.##
##..##<.# #.
##....###


You could see a dart slug.

Vanquished Creatures
  An adder (D:2)
  An ooze (D:1)
  2 dart slugs (D:1)
  A leopard gecko (D:1)
  5 giant cockroaches
  4 goblins (D:1)
  5 hobgoblins
  A kobold (D:1)
  A quokka (D:2)
  2 bats (D:1)
  2 frilled lizards (D:1)
  4 rats (D:1)
29 creatures vanquished.

Notes
Turn   | Place    | Note
-------+----------+-------------------------------------------
     0 | D:1      | Atelerd the Octopode Wizard began the quest for the Orb.
     0 | D:1      | Reached XP level 1. HP: 11/11 MP: 4/4
    60 | D:1      | Reached XP level 2. HP: 6/18 MP: 0/6
   398 | D:1      | Reached skill level 1 in Fighting
   672 | D:1      | Reached XP level 3. HP: 21/23 MP: 7/7
   677 | D:1      | Learned a level 3 spell: Mephitic Cloud
   680 | D:1      | Learned a level 2 spell: Blink
  1526 | D:2      | Killed from afar by a dart slug

Skill      XL: |  1  2 |
---------------+-------+-----
Fighting       | 1 |  1.3
Dodging        | |  2.6
Stealth        | |  2.6
Spellcasting   | |  3.3
Conjurations   | |  1.9
Summonings     | |  1.0
Translocations | |  1.0

Action                   || total
-------------------------++-------
Melee: Unarmed           ||    81
       Tentacles         ||    12
       Constrict         ||    18
 Cast: Magic Dart        ||    26
       Mephitic Cloud    ||     1
 Stab: Sleeping          ||     1
Armor: Skin              ||    11
Dodge: Dodged            ||    68
